Penguins vs Jets (R2)

Created - 9 janvier 2016 at 23:33

Goals
1 2 3 T
Penguins 0 1 5 6
Jets 1 0 1 2
Shots
1 2 3 T
Penguins 11 6 16 33
Jets 15 10 11 36

1st period

1. Jets , Mikko Koivu 10 (Daniel Sedin) at 16:21

Penalties :
Simon Gagné (Pit) for Close Hand On Puck (Minor) at 0:22, Brooks Orpik (Pit) for Hooking (Minor) at 5:19, Derek Roy (Win) for Holding (Minor) at 16:53

2nd period

2. Penguins , Ladislav Nagy 7 (Oleg Kvasha, Ryan Kesler) at 17:10 (SH)

Penalties :
Luke Schenn (Pit) for Roughing (Minor) at 0:07, Tomas Kopecky (Win) for Hooking (Minor) at 3:19, Marco Scandella (Win) for Holding (Minor) at 12:18, Dustin Penner (Pit) for Cross-checking (Minor) at 15:52

3rd period

3. Penguins , Steven Stamkos 19 (Nathan Horton, Simon Gagné) at 2:35 (PP)
4. Jets , Dustin Brown 16 (Derek Roy) at 2:47
5. Penguins , Bobby Ryan 12 (Ryan Kesler) at 4:44
6. Penguins , Steve Sullivan 4 (David Jones, Brendan Smith) at 6:18
7. Penguins , Dustin Penner 6 (Steven Stamkos, Ryan Kesler) at 11:09 (PP)
8. Penguins , Brian McGrattan 1 (Ladislav Nagy, Riley Armstrong) at 13:37

Penalties :
Marco Scandella (Win) for Tripping (Minor) at 1:54, Dmitri Kalinin (Win) for Fighting (Major) at 6:34, Bobby Ryan (Pit) for Fighting (Major) at 6:34, George Parros (Win) for Roughing (Minor) at 10:52, Dustin Brown (Win) for High sticking (Minor) at 18:43

Goalie Stats

Brian Elliott (Pit), 34 saves from 36 shots - (0,944), W, 19-11-3, 60:00 minutes
Kari Lehtonen (Win), 27 saves from 33 shots - (0,818), L, 12-12-2, 60:00 minutes

Players Stats for Penguins

Player Name              G  A  P  +/- PIM S  H  SB GA TA FO     MP     PP MP  PK MP  
------------------------------------------------------------------------------------
Bobby Ryan               1  0  1   0  5   4  1  1  0  1  0/1    18:09   3:46   2:27 
Brendan Smith            0  1  1   1  0   0  3  4  3  0  0/0    24:27   4:02   3:15 
Brent Sopel              0  0  0   2  0   0  0  0  0  1  0/0    13:04   4:02   0:58 
Brian McGrattan          1  0  1   1  0   1  1  1  0  0  2/3     7:58   0:05   0:00 
Brooks Orpik             0  0  0   0  2   3  0  2  1  1  0/0    21:12   0:00   2:43 
David Jones              0  1  1   1  0   2  0  0  0  0  1/1     8:48   0:00   0:00 
Dustin Penner            1  0  1   0  2   4  1  0  1  0  0/1    20:48   4:03   1:42 
Ladislav Nagy            1  1  2   2  0   2  0  0  1  0  0/0     7:23   0:05   0:24 
Luke Schenn              0  0  0  -1  2   2  3  1  1  0  0/0    26:33   4:09   3:44 
Nathan Horton            0  1  1  -1  0   1  2  0  1  0  1/1    19:37   4:03   2:27 
Oleg Kvasha              0  1  1   2  0   0  2  0  0  0  6/10    9:55   0:00   1:07 
Paul Ranger              0  0  0   2  0   0  0  1  1  0  0/0     8:18   0:00   0:14 
Riley Armstrong          0  1  1   1  0   1  2  0  0  0  2/3     6:50   0:00   0:00 
Ryan Kesler              0  3  3   0  0   2  3  1  1  0  16/36  23:29   4:03   4:22 
Sean Zimmerman           0  0  0   0  0   2  1  2  0  2  0/0    26:28   4:09   4:58 
Simon Gagné              0  1  1  -1  2   0  3  0  0  0  1/2    22:01   4:03   3:23 
Steve Sullivan           1  0  1   1  0   3  0  0  0  0  0/0     8:48   0:00   0:00 
Steven Stamkos           1  1  2  -1  0   6  1  2  1  0  8/19   18:11   4:25   0:00 

Players Stats for Jets

Player Name              G  A  P  +/- PIM S  H  SB GA TA FO     MP     PP MP  PK MP  
------------------------------------------------------------------------------------
Adam Pardy               0  0  0   0  0   1  0  0  0  2  0/0    12:30   0:00   0:00 
Anton Volchenkov         0  0  0  -2  0   0  2  0  0  2  0/0    20:55   3:19   2:45 
Benoit Pouliot           0  0  0  -1  0   3  3  0  0  2  9/13   25:28   3:57   5:03 
Blair Betts              0  0  0   0  0   1  1  0  0  0  2/4     6:49   0:05   0:37 
Brendan Bell             0  0  0  -2  0   0  2  1  0  0  0/0    20:30   3:19   2:45 
Chris Phillips           0  0  0   0  0   3  0  1  0  0  0/0    29:10   4:37   5:26 
Daniel Sedin             0  1  1  -1  0   3  1  0  3  0  2/2    21:40   3:28   4:47 
Darroll Powe             0  0  0   0  0   3  0  0  0  0  2/6     9:03   0:26   0:00 
Derek Roy                0  1  1  -1  2   2  0  0  0  0  15/28  21:13   3:57   1:18 
Dmitri Kalinin           0  0  0   0  5   1  0  3  0  1  0/0    25:45   4:37   5:09 
Dustin Brown             1  0  1  -1  2   4  2  2  1  1  0/2    19:49   3:57   0:00 
Eric Fehr                0  0  0   0  0   1  0  0  0  1  0/0     6:14   0:04   0:00 
Fredrik Sjostrom         0  0  0   0  0   1  3  0  0  0  0/0     8:30   0:16   2:04 
George Parros            0  0  0  -1  2   5  2  0  0  0  0/1    16:38   3:35   0:00 
Jussi Jokinen            0  0  0   0  0   0  1  0  0  0  0/0    11:07   0:00   2:33 
Marco Scandella          0  0  0   0  4   2  0  0  0  1  0/0    10:46   0:00   0:17 
Mikko Koivu              1  0  1  -1  0   6  1  0  1  0  10/21  16:27   3:23   0:00 
Tomas Kopecky            0  0  0   0  2   0  1  0  0  1  0/0     9:08   0:40   0:00 

3 Stars

1 - Ladislav Nagy (Pit)
2 - Ryan Kesler (Pit)
3 - Steven Stamkos (Pit)

Power Play

Penguins - 2 on 6 Attempt(s) - 33,33%
Jets - 0 on 4 Attempt(s) - 0,00%

Penalty Kill

Penguins - 4 on 4 Attempt(s) - 100,00% - Score 1 goal in Penalty Kill
Jets - 4 on 6 Attempt(s) - 66,67% - Score 0 goal in Penalty Kill

Team Stat

Penguins - Hits : 23 - Faceoff Wins : 37 - Blocked Shots : 15 - Penalty Minutes : 13
Jets - Hits : 19 - Faceoff Wins : 40 - Blocked Shots : 7 - Penalty Minutes : 17

Official

Referees : Devorski Paul and O'Halloran Dan
Linesman : Brian Mach and Mike Cvik

Game Notes

Dmitri Kalinin and Bobby Ryan fight to a draw at 6:34 of 3rd period

Finance

Level 1 -- Attendance: 6000 (100,00%) -- Ticket Income 450 000 $
Level 2 -- Attendance: 4918 (98,36%) -- Ticket Income 245 900 $
Level 3 -- Attendance: 2000 (100,00%) -- Ticket Income 50 000 $
Level 4 -- Attendance: 4000 (100,00%) -- Ticket Income 72 000 $
Luxury Box -- Attendance: 1000 (100,00%) -- Ticket Income 160 000 $
Game was played at the MTS Center.
Total Attendance: 17918 (99,54%)
Total Ticket Income: 977 900 $
Other Income: 146 685 $
Total Income: 1 124 585 $

Penguins

5 vs 5 Forward 
   Center                   Left Wing                Right Wing               Time % Phy DF OF 
 1 Steven Stamkos           Simon Gagné              Nathan Horton            35     0   1  4  
 2 Ryan Kesler              Dustin Penner            Bobby Ryan               35     0   1  4  
 3 Oleg Kvasha              Steve Sullivan           David Jones              20     0   1  4  
 4 Riley Armstrong          Ladislav Nagy            Brian McGrattan          10     0   1  4  

5 vs 5 Defense 
   Defense                  Defense                                           Time % Phy DF OF 
 1 Sean Zimmerman           Luke Schenn                                       35     0   2  3  
 2 Brooks Orpik             Brendan Smith                                     35     0   2  3  
 3 Paul Ranger              Brent Sopel                                       20     0   2  3  
 4 Brooks Orpik             Luke Schenn                                       10     0   2  3  

PowerPlay Forward 
   Center                   Left Wing                Right Wing               Time % Phy DF OF 
 1 Steven Stamkos           Simon Gagné              Nathan Horton            50     0   0  5  
 2 Ryan Kesler              Dustin Penner            Bobby Ryan               50     0   0  5  

PowerPlay Defense
   Defense                  Defense                                           Time % Phy DF OF 
 1 Sean Zimmerman           Luke Schenn                                       50     0   1  4  
 2 Brendan Smith            Brent Sopel                                       50     0   1  4  

Penalty Kill 4 Players Forward 
   Center                   Wing                     Time % Phy DF OF 
 1 Ryan Kesler              Simon Gagné              60     0   5  0  
 2 Nathan Horton            Bobby Ryan               40     0   5  0  

Penalty Kill 4 Players Defense
   Defense                  Defense                  Time % Phy DF OF 
 1 Sean Zimmerman           Luke Schenn              60     0   5  0  
 2 Brooks Orpik             Brendan Smith            40     0   5  0  

Penalty Kill - 3 Players Forward 
   Forward                                           Time % Phy DF OF 
 1 Simon Gagné                                       60     0   5  0  
 2 Nathan Horton                                     40     0   5  0  

Penalty Kill - 3 Players Defense
   Defense                  Defense                  Time % Phy DF OF 
 1 Sean Zimmerman           Luke Schenn              60     0   5  0  
 2 Brooks Orpik             Brendan Smith            40     0   5  0  

4 vs 4 Forward 
   Center                   Wing                     Time % Phy DF OF 
 1 Steven Stamkos           Simon Gagné              50     0   2  3  
 2 Ryan Kesler              Nathan Horton            50     0   2  3  

4 vs 4 Defense
   Defense                  Defense                  Time % Phy DF OF 
 1 Sean Zimmerman           Luke Schenn              50     0   2  3  
 2 Brendan Smith            Brent Sopel              50     0   2  3  

Last Minutes Offensive
   Center                   Left Wing                Right Wing               Defense                  Defense                  
   Steven Stamkos           Simon Gagné              Nathan Horton            Sean Zimmerman           Luke Schenn              

Last Minutes Defensive
   Center                   Left Wing                Right Wing               Defense                  Defense                  
   Ryan Kesler              Simon Gagné              Nathan Horton            Sean Zimmerman           Luke Schenn              

Goaltenders
Starting : Brian Elliott            
Backup : Josh Tordjman            

Extra Forwards
Normal : Ryan Kesler, Steven Stamkos, Bobby Ryan - PP : Ryan Kesler, Steven Stamkos - PK : Simon Gagné
Extra Defensemen
Normal : Luke Schenn, Sean Zimmerman, Brent Sopel - PP : Luke Schenn - PK : Sean Zimmerman, Brooks Orpik
Penalty Shots
Ryan Kesler, Simon Gagné, Nathan Horton, Bobby Ryan, Steven Stamkos

Jets

5 vs 5 Forward 
   Center                   Left Wing                Right Wing               Time % Phy DF OF 
 1 Derek Roy                Benoit Pouliot           Dustin Brown             40     1   2  2  
 2 Mikko Koivu              Daniel Sedin             George Parros            30     1   2  2  
 3 Darroll Powe             Jussi Jokinen            Tomas Kopecky            20     1   2  2  
 4 Blair Betts              Fredrik Sjostrom         Eric Fehr                10     1   2  2  

5 vs 5 Defense 
   Defense                  Defense                                           Time % Phy DF OF 
 1 Dmitri Kalinin           Chris Phillips                                    40     1   2  2  
 2 Anton Volchenkov         Brendan Bell                                      30     1   2  2  
 3 Adam Pardy               Marco Scandella                                   20     1   2  2  
 4 Dmitri Kalinin           Chris Phillips                                    10     1   2  2  

PowerPlay Forward 
   Center                   Left Wing                Right Wing               Time % Phy DF OF 
 1 Derek Roy                Benoit Pouliot           Dustin Brown             60     1   2  2  
 2 Mikko Koivu              Daniel Sedin             George Parros            40     1   2  2  

PowerPlay Defense
   Defense                  Defense                                           Time % Phy DF OF 
 1 Dmitri Kalinin           Chris Phillips                                    60     1   2  2  
 2 Anton Volchenkov         Brendan Bell                                      40     1   2  2  

Penalty Kill 4 Players Forward 
   Center                   Wing                     Time % Phy DF OF 
 1 Benoit Pouliot           Daniel Sedin             60     1   2  2  
 2 Derek Roy                Jussi Jokinen            40     1   2  2  

Penalty Kill 4 Players Defense
   Defense                  Defense                  Time % Phy DF OF 
 1 Dmitri Kalinin           Chris Phillips           60     1   2  2  
 2 Anton Volchenkov         Brendan Bell             40     1   2  2  

Penalty Kill - 3 Players Forward 
   Forward                                           Time % Phy DF OF 
 1 Benoit Pouliot                                    60     1   2  2  
 2 Daniel Sedin                                      40     1   2  2  

Penalty Kill - 3 Players Defense
   Defense                  Defense                  Time % Phy DF OF 
 1 Dmitri Kalinin           Chris Phillips           60     1   2  2  
 2 Anton Volchenkov         Brendan Bell             40     1   2  2  

4 vs 4 Forward 
   Center                   Wing                     Time % Phy DF OF 
 1 Benoit Pouliot           Daniel Sedin             60     1   2  2  
 2 Derek Roy                Jussi Jokinen            40     1   2  2  

4 vs 4 Defense
   Defense                  Defense                  Time % Phy DF OF 
 1 Dmitri Kalinin           Chris Phillips           60     1   2  2  
 2 Anton Volchenkov         Brendan Bell             40     1   2  2  

Last Minutes Offensive
   Center                   Left Wing                Right Wing               Defense                  Defense                  
   Derek Roy                Benoit Pouliot           Dustin Brown             Dmitri Kalinin           Chris Phillips           

Last Minutes Defensive
   Center                   Left Wing                Right Wing               Defense                  Defense                  
   Derek Roy                Benoit Pouliot           Dustin Brown             Dmitri Kalinin           Chris Phillips           

Goaltenders
Starting : Kari Lehtonen            
Backup : Ilya Bryzgalov           

Extra Forwards
Normal : Tomas Kopecky, Darroll Powe, Fredrik Sjostrom - PP : Tomas Kopecky, Darroll Powe - PK : Fredrik Sjostrom
Extra Defensemen
Normal : Adam Pardy, Marco Scandella, Anton Volchenkov - PP : Adam Pardy - PK : Marco Scandella, Anton Volchenkov
Penalty Shots
Benoit Pouliot, Daniel Sedin, Derek Roy, Jussi Jokinen, Dustin Brown

% Time on Ice - Penguins

Lines # - Real PCT - Wanted PCT - Time Play
Normal Forward
1 - 33% - 35% - 14:16
2 - 32% - 35% - 13:59
3 - 20% - 20% - 8:48
4 - 16% - 10% - 6:50
Normal Defense
1 - 40% - 35% - 17:23
2 - 38% - 35% - 16:41
3 - 18% - 20% - 8:02
4 - 4% - 10% - 1:47
PP Forward
1 - 51% - 50% - 4:08
2 - 49% - 50% - 4:03
PP Defense
1 - 51% - 50% - 4:09
2 - 49% - 50% - 4:02
PK Forward
1 - 69% - 60% - 5:29
2 - 31% - 40% - 2:27
PK Defense
1 - 66% - 60% - 5:12
2 - 34% - 40% - 2:44
PK3 Forward
1 - 0% - 60%
2 - 0% - 40%
PK3 Defense
1 - 0% - 60%
2 - 0% - 40%
44 Forward
1 - 0% - 50%
2 - 0% - 50%
44 Defense
1 - 0% - 50%
2 - 0% - 50%
Last Minute Offensive  - 0:00
Last Minute Defensive  - 0:00
Total
Forward - 60:00
Defense - 60:00

% Time on Ice - Jets

Lines # - Real PCT - Wanted PCT - Time Play
Normal Forward
1 - 37% - 40% - 16:27
2 - 30% - 30% - 13:10
3 - 19% - 20% - 8:28
4 - 13% - 10% - 5:48
Normal Defense
1 - 43% - 40% - 18:46
2 - 33% - 30% - 14:26
3 - 21% - 20% - 9:23
4 - 3% - 10% - 1:18
PP Forward
1 - 54% - 60% - 4:18
2 - 46% - 40% - 3:38
PP Defense
1 - 58% - 60% - 4:37
2 - 42% - 40% - 3:19
PK Forward
1 - 78% - 60% - 6:22
2 - 22% - 40% - 1:49
PK Defense
1 - 66% - 60% - 5:26
2 - 34% - 40% - 2:45
PK3 Forward
1 - 0% - 60%
2 - 0% - 40%
PK3 Defense
1 - 0% - 60%
2 - 0% - 40%
44 Forward
1 - 0% - 60%
2 - 0% - 40%
44 Defense
1 - 0% - 60%
2 - 0% - 40%
Last Minute Offensive  - 0:00
Last Minute Defensive  - 0:00
Total
Forward - 60:00
Defense - 60:00

Play by Play

1st period


0:01 of 1st period - Steven Stamkos wins face-off versus Derek Roy in neutral zone.
0:10 of 1st period - Snap shot by Benoit Pouliot.
0:10 of 1st period - Shot Misses the Net.
0:12 of 1st period - Wrist shot by Chris Phillips.
0:12 of 1st period - Stopped by Brian Elliott with a rebound.
0:14 of 1st period - Snap shot by Dustin Brown.
0:14 of 1st period - Stopped by Brian Elliott with a rebound.
0:16 of 1st period - Wrist shot by Chris Phillips.
0:16 of 1st period - Shot Misses the Net.
0:22 of 1st period - Minor Penalty to Simon Gagné for Close Hand On Puck.
0:23 of 1st period - Ryan Kesler wins face-off versus Derek Roy in Penguins zone.
2:22 of 1st period - Penalty to Simon Gagné is over, Simon Gagné is back on ice.
2:31 of 1st period - Wrist shot by Fredrik Sjostrom.
2:31 of 1st period - Shot Misses the Net.
2:33 of 1st period - Wrist shot by Blair Betts.
2:33 of 1st period - Deflect By Eric Fehr.
2:33 of 1st period - Stopped by Brian Elliott with a rebound.
2:35 of 1st period - Slapshot by Adam Pardy.
2:35 of 1st period - Stopped by Brian Elliott with a rebound.
2:37 of 1st period - Slapshot by Marco Scandella.
2:37 of 1st period - Stopped by Brian Elliott with a rebound.
2:39 of 1st period - Slapshot by Marco Scandella.
2:39 of 1st period - Stopped by Brian Elliott with a rebound.
2:52 of 1st period - Icing by Marco Scandella.
2:53 of 1st period - David Jones wins face-off versus Darroll Powe in Jets zone.
2:57 of 1st period - Icing by Marco Scandella.
2:58 of 1st period - Oleg Kvasha wins face-off versus Darroll Powe in Jets zone.
3:01 of 1st period - Snap shot by David Jones.
3:01 of 1st period - Stopped by Kari Lehtonen without a rebound.
3:02 of 1st period - Oleg Kvasha wins face-off versus Derek Roy in Jets zone.
3:05 of 1st period - Slapshot by Steve Sullivan.
3:05 of 1st period - Stopped by Kari Lehtonen with a rebound.
3:07 of 1st period - Wrist shot by Brent Sopel.
3:07 of 1st period - Shot Blocked by Brendan Bell.
3:09 of 1st period - Snap shot by Steve Sullivan.
3:09 of 1st period - Stopped by Kari Lehtonen without a rebound.
3:10 of 1st period - Derek Roy wins face-off versus Steven Stamkos in Jets zone.
3:10 of 1st period - Derek Roy is hit by Simon Gagné.
4:15 of 1st period - Icing by Anton Volchenkov.
4:16 of 1st period - Derek Roy wins face-off versus Dustin Penner in Jets zone.
4:43 of 1st period - Derek Roy is hit by Riley Armstrong.
5:00 of 1st period - Off-side.
5:01 of 1st period - Oleg Kvasha wins face-off versus Mikko Koivu in neutral zone.
5:19 of 1st period - Minor Penalty to Brooks Orpik for Hooking.
5:20 of 1st period - Mikko Koivu wins face-off versus Ryan Kesler in Penguins zone.
7:19 of 1st period - Penalty to Brooks Orpik is over, Brooks Orpik is back on ice.
7:48 of 1st period - Slapshot by Chris Phillips.
7:48 of 1st period - Shot Blocked by Paul Ranger.
7:50 of 1st period - Snap shot by Jussi Jokinen.
7:50 of 1st period - Shot Misses the Net.
8:05 of 1st period - Bobby Ryan is hit by Fredrik Sjostrom and loses puck.
8:44 of 1st period - Brendan Smith is hit by Benoit Pouliot and loses puck.
9:13 of 1st period - Luke Schenn is hit by Anton Volchenkov and loses puck.
9:40 of 1st period - Wrist shot by Ryan Kesler.
9:40 of 1st period - Shot Blocked by Dustin Brown.
9:42 of 1st period - Slapshot by Brent Sopel.
9:42 of 1st period - Shot Misses the Net.
9:44 of 1st period - Wrist shot by Steve Sullivan.
9:44 of 1st period - Shot Misses the Net.
10:17 of 1st period - Nathan Horton is hit by George Parros and loses puck.
10:55 of 1st period - Darroll Powe is hit by Riley Armstrong and loses puck.
11:08 of 1st period - Wrist shot by Tomas Kopecky.
11:08 of 1st period - Shot Blocked by Brendan Smith.
11:29 of 1st period - Snap shot by Steven Stamkos.
11:29 of 1st period - Stopped by Kari Lehtonen with a rebound.
13:12 of 1st period - Wrist shot by Ryan Kesler.
13:12 of 1st period - Deflect By Dustin Penner.
13:12 of 1st period - Stopped by Kari Lehtonen with a rebound.
13:14 of 1st period - Wrist shot by Dustin Penner.
13:14 of 1st period - Shot Misses the Net.
13:32 of 1st period - Derek Roy is hit by Luke Schenn and loses puck.
14:01 of 1st period - Slapshot by Tomas Kopecky.
14:01 of 1st period - Shot Blocked by Brendan Smith.
14:21 of 1st period - Slapshot by Blair Betts.
14:21 of 1st period - Stopped by Brian Elliott without a rebound.
14:22 of 1st period - Mikko Koivu wins face-off versus Ryan Kesler in Penguins zone.
14:57 of 1st period - Snap shot by Dustin Penner.
14:57 of 1st period - Shot Misses the Net.
14:59 of 1st period - Slapshot by Luke Schenn.
14:59 of 1st period - Stopped by Kari Lehtonen with a rebound.
15:01 of 1st period - Wrist shot by Sean Zimmerman.
15:01 of 1st period - Stopped by Kari Lehtonen with a rebound.
15:03 of 1st period - Snap shot by Bobby Ryan.
15:03 of 1st period - Stopped by Kari Lehtonen without a rebound.
15:04 of 1st period - Simon Gagné wins face-off versus Mikko Koivu in Jets zone.
15:05 of 1st period - Snap shot by Steven Stamkos.
15:05 of 1st period - Stopped by Kari Lehtonen without a rebound.
15:06 of 1st period - Steven Stamkos wins face-off versus Mikko Koivu in Jets zone.
15:43 of 1st period - Off-side.
15:44 of 1st period - Mikko Koivu wins face-off versus Ryan Kesler in neutral zone.
15:57 of 1st period - Snap shot by Mikko Koivu.
15:57 of 1st period - Stopped by Brian Elliott without a rebound.
15:58 of 1st period - Ryan Kesler wins face-off versus Derek Roy in Penguins zone.
16:03 of 1st period - Slapshot by Brooks Orpik.
16:03 of 1st period - Shot Blocked by Dmitri Kalinin.
16:11 of 1st period - Snap shot by Benoit Pouliot.
16:11 of 1st period - Stopped by Brian Elliott without a rebound.
16:12 of 1st period - Mikko Koivu wins face-off versus Steven Stamkos in Penguins zone.
16:13 of 1st period - Slapshot by George Parros.
16:13 of 1st period - Stopped by Brian Elliott with a rebound.
16:15 of 1st period - Snap shot by Chris Phillips.
16:15 of 1st period - Stopped by Brian Elliott without a rebound.
16:16 of 1st period - Mikko Koivu wins face-off versus Steven Stamkos in Penguins zone.
16:21 of 1st period - Snap shot by Mikko Koivu.
16:21 of 1st period - Goal by Mikko Koivu - Penguins : 0 - Jets : 1.
16:22 of 1st period - Ryan Kesler wins face-off versus George Parros in neutral zone.
16:24 of 1st period - Off-side.
16:25 of 1st period - Mikko Koivu wins face-off versus Ryan Kesler in neutral zone.
16:32 of 1st period - Snap shot by Daniel Sedin.
16:32 of 1st period - Stopped by Brian Elliott with a rebound.
16:38 of 1st period - Snap shot by Ryan Kesler.
16:38 of 1st period - Deflect By Dustin Penner.
16:38 of 1st period - Shot Misses the Net.
16:38 of 1st period - Puck is out of play.
16:39 of 1st period - Derek Roy wins face-off versus Steven Stamkos in Jets zone.
16:50 of 1st period - Snap shot by Dmitri Kalinin.
16:50 of 1st period - Shot Blocked by Brendan Smith.
16:52 of 1st period - Slapshot by Dmitri Kalinin.
16:52 of 1st period - Stopped by Brian Elliott with a rebound.
16:53 of 1st period - Minor Penalty to Derek Roy for Holding.
16:54 of 1st period - Benoit Pouliot wins face-off versus Steven Stamkos in Jets zone.
17:26 of 1st period - Slapshot by Luke Schenn.
17:26 of 1st period - Stopped by Kari Lehtonen without a rebound.
17:27 of 1st period - Nathan Horton wins face-off versus Benoit Pouliot in Jets zone.
17:52 of 1st period - Anton Volchenkov is hit by Ryan Kesler and loses puck.
18:53 of 1st period - Penalty to Derek Roy is over, Derek Roy is back on ice.
19:08 of 1st period - Snap shot by Darroll Powe.
19:08 of 1st period - Deflect By Luke Schenn.
19:08 of 1st period - Stopped by Brian Elliott without a rebound.
19:09 of 1st period - Oleg Kvasha wins face-off versus Darroll Powe in Penguins zone.
19:15 of 1st period - Off-side.
19:16 of 1st period - Oleg Kvasha wins face-off versus Mikko Koivu in neutral zone.
19:16 of 1st period - Oleg Kvasha is hit by Brendan Bell.
19:45 of 1st period - Wrist shot by Ryan Kesler.
19:45 of 1st period - Shot Misses the Net.
19:47 of 1st period - Snap shot by Brendan Smith.
19:47 of 1st period - Shot Misses the Net.
19:49 of 1st period - Slapshot by Dustin Penner.
19:49 of 1st period - Stopped by Kari Lehtonen without a rebound.
19:50 of 1st period - Derek Roy wins face-off versus Steven Stamkos in Jets zone.
Goals for this period are 0 for Penguins vs 1 for Jets.
Shots for this period are 11 for Penguins vs 15 for Jets.

2nd period


0:01 of 2nd period - Derek Roy wins face-off versus Ryan Kesler in neutral zone.
0:07 of 2nd period - Minor Penalty to Luke Schenn for Roughing.
0:08 of 2nd period - Ryan Kesler wins face-off versus Derek Roy in Penguins zone.
0:34 of 2nd period - Sean Zimmerman is hit by Daniel Sedin and loses puck.
1:05 of 2nd period - Daniel Sedin is hit by Brendan Smith.
1:37 of 2nd period - Ryan Kesler is hit by George Parros and loses puck.
2:07 of 2nd period - Penalty to Luke Schenn is over, Luke Schenn is back on ice.
2:16 of 2nd period - Snap shot by Jussi Jokinen.
2:16 of 2nd period - Shot Misses the Net.
2:18 of 2nd period - Snap shot by Tomas Kopecky.
2:18 of 2nd period - Deflect By Darroll Powe.
2:18 of 2nd period - Shot Misses the Net.
2:18 of 2nd period - Puck is out of play.
2:19 of 2nd period - Darroll Powe wins face-off versus Brian McGrattan in Penguins zone.
2:30 of 2nd period - Wrist shot by Darroll Powe.
2:30 of 2nd period - Stopped by Brian Elliott without a rebound.
2:31 of 2nd period - Mikko Koivu wins face-off versus Steven Stamkos in Penguins zone.
2:57 of 2nd period - Bobby Ryan is hit by Benoit Pouliot and loses puck.
3:02 of 2nd period - Snap shot by Benoit Pouliot.
3:02 of 2nd period - Shot Misses the Net.
3:04 of 2nd period - Snap shot by Anton Volchenkov.
3:04 of 2nd period - Shot Blocked by Sean Zimmerman.
3:06 of 2nd period - Slapshot by Anton Volchenkov.
3:06 of 2nd period - Shot Blocked by Bobby Ryan.
3:08 of 2nd period - Snap shot by Brendan Bell.
3:08 of 2nd period - Shot Misses the Net.
3:10 of 2nd period - Slapshot by Anton Volchenkov.
3:10 of 2nd period - Shot Blocked by Ryan Kesler.
3:19 of 2nd period - Minor Penalty to Tomas Kopecky for Hooking.
3:20 of 2nd period - Benoit Pouliot wins face-off versus Ryan Kesler in Jets zone.
5:19 of 2nd period - Penalty to Tomas Kopecky is over, Tomas Kopecky is back on ice.
5:47 of 2nd period - Daniel Sedin is hit by Brian McGrattan and loses puck.
6:00 of 2nd period - Luke Schenn is hit by Benoit Pouliot and loses puck.
7:12 of 2nd period - Dustin Brown is hit by Nathan Horton and loses puck.
7:23 of 2nd period - Dustin Penner is hit by Jussi Jokinen and loses puck.
7:40 of 2nd period - Tomas Kopecky is hit by Oleg Kvasha.
8:03 of 2nd period - Blair Betts is hit by Nathan Horton and loses puck.
9:25 of 2nd period - Snap shot by Bobby Ryan.
9:25 of 2nd period - Deflect By Chris Phillips.
9:25 of 2nd period - Shot Misses the Net.
9:25 of 2nd period - Puck is out of play.
9:26 of 2nd period - Ryan Kesler wins face-off versus Benoit Pouliot in Jets zone.
10:10 of 2nd period - Icing by Adam Pardy.
10:11 of 2nd period - Mikko Koivu wins face-off versus Oleg Kvasha in Jets zone.
10:15 of 2nd period - Off-side.
10:16 of 2nd period - Ryan Kesler wins face-off versus Derek Roy in neutral zone.
10:21 of 2nd period - Backhand shot by Ryan Kesler.
10:21 of 2nd period - Shot Misses the Net.
10:23 of 2nd period - Snap shot by Ryan Kesler.
10:23 of 2nd period - Shot Misses the Net.
10:25 of 2nd period - Wrist shot by Dustin Penner.
10:25 of 2nd period - Stopped by Kari Lehtonen without a rebound.
10:26 of 2nd period - Derek Roy wins face-off versus Ryan Kesler in Jets zone.
10:45 of 2nd period - Wrist shot by Bobby Ryan.
10:45 of 2nd period - Stopped by Kari Lehtonen with a rebound.
10:49 of 2nd period - Slapshot by Ryan Kesler.
10:49 of 2nd period - Stopped by Kari Lehtonen with a rebound.
10:55 of 2nd period - Slapshot by Bobby Ryan.
10:55 of 2nd period - Shot Hit the Post.
10:57 of 2nd period - Slapshot by Brooks Orpik.
10:57 of 2nd period - Stopped by Kari Lehtonen without a rebound.
10:58 of 2nd period - Steven Stamkos wins face-off versus Mikko Koivu in Jets zone.
11:27 of 2nd period - Sean Zimmerman is hit by Brendan Bell and loses puck.
11:34 of 2nd period - Slapshot by Anton Volchenkov.
11:34 of 2nd period - Shot Misses the Net.
12:04 of 2nd period - Wrist shot by Fredrik Sjostrom.
12:04 of 2nd period - Stopped by Brian Elliott without a rebound.
12:05 of 2nd period - Brian McGrattan wins face-off versus Blair Betts in Penguins zone.
12:13 of 2nd period - Riley Armstrong is hit by Fredrik Sjostrom.
12:18 of 2nd period - Minor Penalty to Marco Scandella for Holding.
12:19 of 2nd period - Benoit Pouliot wins face-off versus Ryan Kesler in Jets zone.
12:19 of 2nd period - Benoit Pouliot is hit by Bobby Ryan.
12:30 of 2nd period - Off-side.
12:31 of 2nd period - Benoit Pouliot wins face-off versus Steven Stamkos in neutral zone.
13:12 of 2nd period - Benoit Pouliot is hit by Ryan Kesler and loses puck.
13:57 of 2nd period - Chris Phillips is hit by Steven Stamkos and loses puck.
14:18 of 2nd period - Penalty to Marco Scandella is over, Marco Scandella is back on ice.
14:28 of 2nd period - Snap shot by Benoit Pouliot.
14:28 of 2nd period - Stopped by Brian Elliott without a rebound.
14:29 of 2nd period - Blair Betts wins face-off versus Oleg Kvasha in Penguins zone.
15:24 of 2nd period - Slapshot by Dustin Penner.
15:24 of 2nd period - Shot Misses the Net.
15:42 of 2nd period - Snap shot by George Parros.
15:42 of 2nd period - Stopped by Brian Elliott with a rebound.
15:44 of 2nd period - Slapshot by Anton Volchenkov.
15:44 of 2nd period - Deflect By Mikko Koivu.
15:44 of 2nd period - Stopped by Brian Elliott without a rebound.
15:45 of 2nd period - Darroll Powe wins face-off versus Ryan Kesler in Penguins zone.
15:50 of 2nd period - Snap shot by Darroll Powe.
15:50 of 2nd period - Shot Misses the Net.
15:52 of 2nd period - Minor Penalty to Dustin Penner for Cross-checking.
15:53 of 2nd period - Ryan Kesler wins face-off versus Derek Roy in Penguins zone.
16:08 of 2nd period - Ryan Kesler is hit by Dustin Brown and loses puck.
16:23 of 2nd period - Daniel Sedin is hit by Simon Gagné and loses puck.
17:04 of 2nd period - Slapshot by Ladislav Nagy.
17:04 of 2nd period - Stopped by Kari Lehtonen with a rebound.
17:10 of 2nd period - Snap shot by Oleg Kvasha.
17:10 of 2nd period - Deflect By Ladislav Nagy.
17:10 of 2nd period - Goal by Ladislav Nagy - Penguins : 1 - Jets : 1.
17:11 of 2nd period - Derek Roy wins face-off versus Simon Gagné in neutral zone.
17:20 of 2nd period - Slapshot by Dustin Brown.
17:20 of 2nd period - Stopped by Brian Elliott without a rebound.
17:21 of 2nd period - Derek Roy wins face-off versus Ryan Kesler in Penguins zone.
17:52 of 2nd period - Penalty to Dustin Penner is over, Dustin Penner is back on ice.
18:10 of 2nd period - Dmitri Kalinin is hit by Ryan Kesler and loses puck.
18:29 of 2nd period - Benoit Pouliot is hit by Luke Schenn and loses puck.
19:02 of 2nd period - Snap shot by Simon Gagné.
19:02 of 2nd period - Shot Misses the Net.
19:18 of 2nd period - Wrist shot by Benoit Pouliot.
19:18 of 2nd period - Shot Misses the Net.
19:20 of 2nd period - Wrist shot by Derek Roy.
19:20 of 2nd period - Stopped by Brian Elliott with a rebound.
19:22 of 2nd period - Slapshot by Chris Phillips.
19:22 of 2nd period - Stopped by Brian Elliott with a rebound.
19:24 of 2nd period - Snap shot by Derek Roy.
19:24 of 2nd period - Deflect By Dustin Brown.
19:24 of 2nd period - Stopped by Brian Elliott without a rebound.
19:25 of 2nd period - Mikko Koivu wins face-off versus Oleg Kvasha in Penguins zone.
19:26 of 2nd period - Wrist shot by Daniel Sedin.
19:26 of 2nd period - Shot Misses the Net.
19:40 of 2nd period - Wrist shot by Mikko Koivu.
19:40 of 2nd period - Deflect By George Parros.
19:40 of 2nd period - Shot Misses the Net.
19:40 of 2nd period - Puck is out of play.
19:41 of 2nd period - Riley Armstrong wins face-off versus Darroll Powe in Penguins zone.
19:52 of 2nd period - Wrist shot by Darroll Powe.
19:52 of 2nd period - Stopped by Brian Elliott without a rebound.
19:53 of 2nd period - Daniel Sedin wins face-off versus Oleg Kvasha in Penguins zone.
Goals for this period are 1 for Penguins vs 0 for Jets.
Shots for this period are 6 for Penguins vs 10 for Jets.

3rd period


0:01 of 3rd period - Ryan Kesler wins face-off versus Dustin Brown in neutral zone.
0:11 of 3rd period - Wrist shot by Benoit Pouliot.
0:11 of 3rd period - Deflect By Bobby Ryan.
0:11 of 3rd period - Stopped by Brian Elliott with a rebound.
0:13 of 3rd period - Wrist shot by Derek Roy.
0:13 of 3rd period - Shot Misses the Net.
1:09 of 3rd period - Brendan Bell is hit by Dustin Penner.
1:54 of 3rd period - Minor Penalty to Marco Scandella for Tripping.
1:55 of 3rd period - Benoit Pouliot wins face-off versus Ryan Kesler in Jets zone.
2:14 of 3rd period - Daniel Sedin is hit by Brendan Smith and loses puck.
2:35 of 3rd period - Snap shot by Steven Stamkos.
2:35 of 3rd period - Goal by Steven Stamkos - Penguins : 2 - Jets : 1.
2:36 of 3rd period - Derek Roy wins face-off versus Ryan Kesler in neutral zone.
2:41 of 3rd period - Snap shot by Dustin Brown.
2:41 of 3rd period - Shot Blocked by Luke Schenn.
2:43 of 3rd period - Snap shot by Derek Roy.
2:43 of 3rd period - Deflect By Bobby Ryan.
2:43 of 3rd period - Shot Misses the Net.
2:43 of 3rd period - Puck is out of play.
2:44 of 3rd period - Derek Roy wins face-off versus Ryan Kesler in Penguins zone.
2:45 of 3rd period - Wrist shot by Dustin Brown.
2:45 of 3rd period - Deflect By Sean Zimmerman.
2:45 of 3rd period - Shot Blocked by Sean Zimmerman.
2:45 of 3rd period - Puck is out of play.
2:46 of 3rd period - Derek Roy wins face-off versus Bobby Ryan in Penguins zone.
2:47 of 3rd period - Wrist shot by Dustin Brown.
2:47 of 3rd period - Goal by Dustin Brown - Penguins : 2 - Jets : 2.
2:48 of 3rd period - Mikko Koivu wins face-off versus Ryan Kesler in neutral zone.
3:25 of 3rd period - Icing by Simon Gagné.
3:26 of 3rd period - Steven Stamkos wins face-off versus Mikko Koivu in Penguins zone.
4:16 of 3rd period - Wrist shot by Mikko Koivu.
4:16 of 3rd period - Shot Blocked by Steven Stamkos.
4:24 of 3rd period - Snap shot by George Parros.
4:24 of 3rd period - Shot Misses the Net.
4:40 of 3rd period - Slapshot by Brooks Orpik.
4:40 of 3rd period - Stopped by Kari Lehtonen with a rebound.
4:42 of 3rd period - Snap shot by Simon Gagné.
4:42 of 3rd period - Deflect By Dmitri Kalinin.
4:42 of 3rd period - Shot Misses the Net.
4:42 of 3rd period - Puck is out of play.
4:43 of 3rd period - Ryan Kesler wins face-off versus Derek Roy in Jets zone.
4:44 of 3rd period - Snap shot by Bobby Ryan.
4:44 of 3rd period - Goal by Bobby Ryan - Penguins : 3 - Jets : 2.
4:45 of 3rd period - Derek Roy wins face-off versus Ryan Kesler in neutral zone.
4:53 of 3rd period - Wrist shot by Derek Roy.
4:53 of 3rd period - Stopped by Brian Elliott with a rebound.
5:01 of 3rd period - Snap shot by Derek Roy.
5:01 of 3rd period - Shot Misses the Net.
5:11 of 3rd period - Dustin Penner is hit by Anton Volchenkov and loses puck.
5:35 of 3rd period - Slapshot by Sean Zimmerman.
5:35 of 3rd period - Stopped by Kari Lehtonen with a rebound.
5:37 of 3rd period - Slapshot by Bobby Ryan.
5:37 of 3rd period - Stopped by Kari Lehtonen without a rebound.
5:38 of 3rd period - Derek Roy wins face-off versus Steven Stamkos in Jets zone.
5:53 of 3rd period - Wrist shot by Derek Roy.
5:53 of 3rd period - Shot Misses the Net.
6:05 of 3rd period - Chris Phillips is hit by Oleg Kvasha and loses puck.
6:18 of 3rd period - Snap shot by Steve Sullivan.
6:18 of 3rd period - Goal by Steve Sullivan - Penguins : 4 - Jets : 2.
6:19 of 3rd period - Ryan Kesler wins face-off versus Derek Roy in neutral zone.
6:21 of 3rd period - Off-side.
6:22 of 3rd period - Benoit Pouliot wins face-off versus Ryan Kesler in neutral zone.
6:34 of 3rd period - Dmitri Kalinin and Bobby Ryan fight to a draw.
6:34 of 3rd period - Penalty to Dmitri Kalinin for Fighting.
6:34 of 3rd period - Penalty to Bobby Ryan for Fighting.
6:35 of 3rd period - Derek Roy wins face-off versus Ryan Kesler in Penguins zone.
6:52 of 3rd period - Snap shot by Derek Roy.
6:52 of 3rd period - Shot Misses the Net.
7:06 of 3rd period - Wrist shot by Oleg Kvasha.
7:06 of 3rd period - Shot Misses the Net.
7:17 of 3rd period - George Parros is hit by Brendan Smith and loses puck.
7:56 of 3rd period - Slapshot by Jussi Jokinen.
7:56 of 3rd period - Shot Misses the Net.
8:10 of 3rd period - Brendan Bell is hit by Luke Schenn and loses puck.
10:05 of 3rd period - Snap shot by Nathan Horton.
10:05 of 3rd period - Shot Blocked by Dustin Brown.
10:08 of 3rd period - Icing by Chris Phillips.
10:09 of 3rd period - Brian McGrattan wins face-off versus Derek Roy in Jets zone.
10:17 of 3rd period - Dustin Penner is hit by Dustin Brown and loses puck.
10:28 of 3rd period - Snap shot by Mikko Koivu.
10:28 of 3rd period - Stopped by Brian Elliott with a rebound.
10:30 of 3rd period - Slapshot by George Parros.
10:30 of 3rd period - Stopped by Brian Elliott without a rebound.
10:31 of 3rd period - Steven Stamkos wins face-off versus Mikko Koivu in Penguins zone.
10:38 of 3rd period - Snap shot by Daniel Sedin.
10:38 of 3rd period - Shot Misses the Net.
10:52 of 3rd period - Minor Penalty to George Parros for Roughing.
10:53 of 3rd period - Ryan Kesler wins face-off versus Benoit Pouliot in Jets zone.
11:07 of 3rd period - Snap shot by Steven Stamkos.
11:07 of 3rd period - Stopped by Kari Lehtonen with a rebound.
11:09 of 3rd period - Wrist shot by Dustin Penner.
11:09 of 3rd period - Goal by Dustin Penner - Penguins : 5 - Jets : 2.
11:10 of 3rd period - Ryan Kesler wins face-off versus Derek Roy in neutral zone.
11:18 of 3rd period - Snap shot by Ryan Kesler.
11:18 of 3rd period - Stopped by Kari Lehtonen with a rebound.
11:20 of 3rd period - Snap shot by Brooks Orpik.
11:20 of 3rd period - Stopped by Kari Lehtonen without a rebound.
11:21 of 3rd period - Ryan Kesler wins face-off versus Derek Roy in Jets zone.
11:30 of 3rd period - Wrist shot by Steven Stamkos.
11:30 of 3rd period - Stopped by Kari Lehtonen with a rebound.
11:46 of 3rd period - Steve Sullivan is hit by Mikko Koivu and loses puck.
12:07 of 3rd period - Snap shot by Simon Gagné.
12:07 of 3rd period - Shot Blocked by Chris Phillips.
12:09 of 3rd period - Slapshot by Steven Stamkos.
12:09 of 3rd period - Stopped by Kari Lehtonen without a rebound.
12:10 of 3rd period - Steven Stamkos wins face-off versus Derek Roy in Jets zone.
12:37 of 3rd period - Tomas Kopecky is hit by Sean Zimmerman and loses puck.
13:07 of 3rd period - Off-side.
13:08 of 3rd period - Blair Betts wins face-off versus Riley Armstrong in neutral zone.
13:19 of 3rd period - Snap shot by Fredrik Sjostrom.
13:19 of 3rd period - Shot Blocked by Brooks Orpik.
13:27 of 3rd period - Slapshot by Luke Schenn.
13:27 of 3rd period - Shot Blocked by Dmitri Kalinin.
13:37 of 3rd period - Slapshot by Brian McGrattan.
13:37 of 3rd period - Goal by Brian McGrattan - Penguins : 6 - Jets : 2.
13:38 of 3rd period - Ryan Kesler wins face-off versus Dustin Brown in neutral zone.
14:03 of 3rd period - Dmitri Kalinin is hit by Simon Gagné and loses puck.
14:10 of 3rd period - Snap shot by Nathan Horton.
14:10 of 3rd period - Deflect By Simon Gagné.
14:10 of 3rd period - Shot Misses the Net.
14:10 of 3rd period - Puck is out of play.
14:11 of 3rd period - Ryan Kesler wins face-off versus Mikko Koivu in Jets zone.
14:21 of 3rd period - Icing by Mikko Koivu.
14:22 of 3rd period - Steven Stamkos wins face-off versus Mikko Koivu in Jets zone.
14:43 of 3rd period - Wrist shot by Daniel Sedin.
14:43 of 3rd period - Shot Blocked by Brooks Orpik.
15:01 of 3rd period - Snap shot by George Parros.
15:01 of 3rd period - Stopped by Brian Elliott with a rebound.
15:03 of 3rd period - Slapshot by Daniel Sedin.
15:03 of 3rd period - Shot Misses the Net.
15:05 of 3rd period - Slapshot by Adam Pardy.
15:05 of 3rd period - Shot Misses the Net.
15:07 of 3rd period - Slapshot by Marco Scandella.
15:07 of 3rd period - Shot Blocked by Brendan Smith.
15:09 of 3rd period - Slapshot by Adam Pardy.
15:09 of 3rd period - Shot Blocked by Steven Stamkos.
15:11 of 3rd period - Snap shot by Daniel Sedin.
15:11 of 3rd period - Stopped by Brian Elliott without a rebound.
15:12 of 3rd period - Derek Roy wins face-off versus Ryan Kesler in Penguins zone.
15:39 of 3rd period - Luke Schenn is hit by Tomas Kopecky and loses puck.
15:58 of 3rd period - Wrist shot by Fredrik Sjostrom.
15:58 of 3rd period - Deflect By Blair Betts.
15:58 of 3rd period - Deflect By Ladislav Nagy.
15:58 of 3rd period - Shot Blocked by Brian McGrattan.
15:58 of 3rd period - Puck is out of play.
15:59 of 3rd period - Riley Armstrong wins face-off versus Blair Betts in Penguins zone.
16:08 of 3rd period - Snap shot by Riley Armstrong.
16:08 of 3rd period - Stopped by Kari Lehtonen with a rebound.
16:47 of 3rd period - Snap shot by George Parros.
16:47 of 3rd period - Deflect By Daniel Sedin.
16:47 of 3rd period - Stopped by Brian Elliott without a rebound.
16:48 of 3rd period - Daniel Sedin wins face-off versus Steven Stamkos in Penguins zone.
16:51 of 3rd period - Wrist shot by George Parros.
16:51 of 3rd period - Stopped by Brian Elliott with a rebound.
17:03 of 3rd period - Slapshot by Mikko Koivu.
17:03 of 3rd period - Stopped by Brian Elliott with a rebound.
17:13 of 3rd period - Snap shot by Nathan Horton.
17:13 of 3rd period - Shot Blocked by Dmitri Kalinin.
17:51 of 3rd period - Sean Zimmerman is hit by Fredrik Sjostrom and loses puck.
17:56 of 3rd period - Dustin Penner is hit by Blair Betts and loses puck.
18:01 of 3rd period - Wrist shot by Eric Fehr.
18:01 of 3rd period - Shot Misses the Net.
18:12 of 3rd period - Icing by Bobby Ryan.
18:13 of 3rd period - Ryan Kesler wins face-off versus Mikko Koivu in Penguins zone.
18:18 of 3rd period - Wrist shot by Dustin Penner.
18:18 of 3rd period - Deflect By Steve Sullivan.
18:18 of 3rd period - Shot Misses the Net.
18:18 of 3rd period - Puck is out of play.
18:19 of 3rd period - Oleg Kvasha wins face-off versus Mikko Koivu in Jets zone.
18:22 of 3rd period - Slapshot by David Jones.
18:22 of 3rd period - Stopped by Kari Lehtonen with a rebound.
18:34 of 3rd period - Wrist shot by Mikko Koivu.
18:34 of 3rd period - Stopped by Brian Elliott without a rebound.
18:35 of 3rd period - Benoit Pouliot wins face-off versus Ryan Kesler in Penguins zone.
18:40 of 3rd period - Snap shot by Dustin Brown.
18:40 of 3rd period - Deflect By Derek Roy.
18:40 of 3rd period - Shot Misses the Net.
18:40 of 3rd period - Puck is out of play.
18:41 of 3rd period - Benoit Pouliot wins face-off versus Ryan Kesler in Penguins zone.
18:43 of 3rd period - Minor Penalty to Dustin Brown for High sticking.
18:44 of 3rd period - Steven Stamkos wins face-off versus Benoit Pouliot in Jets zone.
18:49 of 3rd period - Snap shot by Nathan Horton.
18:49 of 3rd period - Stopped by Kari Lehtonen with a rebound.
18:54 of 3rd period - Off-side.
18:55 of 3rd period - Benoit Pouliot wins face-off versus Steven Stamkos in neutral zone.
Goals for this period are 5 for Penguins vs 1 for Jets.
Shots for this period are 16 for Penguins vs 11 for Jets.